 Dungeon Crawl Stone Soup version 0.26-a0-52-gd53d4cd058 (webtiles) character file.

Game seed: 4404475665520209594

39 Bapho the Slasher (level 3, -6/46 HPs)
             Began as a Draconian Berserker on June 6, 2020.
             Was a Believer of Trog.
             Killed from afar by a white imp (7 damage)
             ... with a puff of frost
             ... summoned by Natasha
             ... on level 2 of the Dungeon.
             The game lasted 00:03:22 (1429 turns).

Bapho the Slasher (Draconian Berserker)             Turns: 1429, Time: 00:03:23

Health: -6/46      AC:  6    Str: 19    XL:     3   Next: 26%
Magic:  3/3        EV: 12    Int:  7    God:    Trog [**....]
Gold:   77         SH:  0    Dex: 11    Spells: 2/2 levels left

rFire    . . .     SeeInvis .   a - +0 falchion
rCold    . . .     Gourm    .   (no shield)
rNeg     . . .     Faith    .   (armour unavailable)
rPois    .         Spirit   .   (helmet restricted)
rElec    .         Reflect  .   (no cloak)
rCorr    .         Harm     .   (no gloves)
MR       .....                  l - +0 pair of boots
Stlth    ..........             (no amulet)
HPRegen  0.15/turn              i - ring of flight
MPRegen  0.08/turn              (no ring)

@: berserking, slowed
A: unfitting armour, cold-blooded, AC +5
a: Berserk, Trog's Hand, Renounce Religion, Evoke Flight


You were on level 2 of the Dungeon.
You worshipped Trog.
Trog was pleased with you.
You were hungry.

You visited 1 branch of the dungeon, and saw 2 of its levels.

You collected 77 gold pieces.

Inventory:

Hand Weapons
 a - a +0 falchion (weapon)
 b - a +0 hunting sling
Missiles
 j - 11 sling bullets
 k - 3 stones (quivered)
Armour
 l - a +0 pair of boots (worn)
Jewellery
 i - a ring of flight (left hand)
Scrolls
 f - 3 scrolls of identify {unknown}
 h - a scroll of magic mapping {unknown}
Potions
 c - 2 potions of curing {unknown}
 e - a potion of mutation {unknown}
Comestibles
 d - 5 chunks of flesh
 g - 5 rations


   Skills:
 - Level 3.2 Fighting
 * Level 4.4 Long Blades
 - Level 2.6 Dodging


You had 2 spell levels left.
You didn't know any spells.
Your spell library was empty.

Dungeon Overview and Level Annotations

Branches:
Dungeon (2/15)

Altars:

Annotations:
D:2 Natasha


Innate Abilities, Weirdness & Mutations

Your plain brown scales are hard. (AC +5)
You cannot fit into any form of body armour.
You are cold-blooded and may be slowed by cold attacks.


Message History

The white imp gestures at you. The puff of frost hits you!
* * * LOW HITPOINT WARNING * * *
Natasha howls an incantation.
Natasha's front paws start to glow.
Natasha barely misses you.
A red film seems to cover your vision as you go berserk!
You feel yourself moving faster!
You feel mighty!
You are feeling hungry.
The shadow imp hits you.
* * * LOW HITPOINT WARNING * * *
The white imp closely misses you.
You riposte.
You closely miss the white imp. Natasha claws you.
* * * LOW HITPOINT WARNING * * *
The shadow imp misses you.
You barely miss Natasha.
Natasha is almost dead.
The white imp gestures at you. The puff of frost hits you!
You die...

#.# #.# #.# #.# #
#######.#
#.##.....#.#####.#
#........+.......#
###..#5....#รท#####.#
.(.($.h@.....#
......5....#.#####.
.##..#(..<..........
...........#######.#
###...............
#(###....#####.# #.#
#. ###.## #..#.# #
#.# #..#.# ####.## #


You could see Natasha, a white imp (summoned) and a shadow imp (summoned).

Vanquished Creatures
  A worm (D:2)
  A dart slug (D:1)
  2 leopard geckos
  A ball python (D:1)
  5 goblins
  3 hobgoblins
  4 jackals (D:1)
  A quokka (D:2)
  5 bats
  5 kobolds (D:1)
  2 rats (D:2)
30 creatures vanquished.

Notes
Turn   | Place    | Note
-------+----------+-------------------------------------------
     0 | D:1      | Bapho the Draconian Berserker began the quest for the Orb.
     0 | D:1      | Reached XP level 1. HP: 19/19 MP: 1/1
   670 | D:1      | Reached XP level 2. HP: 23/26 MP: 2/2
   826 | D:1      | Reached skill level 4 in Long Blades
  1301 | D:2      | Reached XP level 3. HP: 30/31 MP: 3/3
  1416 | D:2      | Noticed Natasha
  1421 | D:2      | Reached ** piety under Trog
  1428 | D:2      | HP: 2/46 [shadow imp[Natasha] (2)]
  1429 | D:2      | Killed from afar by a white imp

Illustrated notes

Levels and vault maps discovered:
D:1:      wander_arrival_fairy_ring, layout_basic, minmay_door_square,
          minmay_misc_feat_five
D:2:      layout_basic, lemuel_doored_altar, first_ration, uniq_natasha

Skill      XL: |  1  2 |
---------------+-------+-----
Long Blades    | 4 |  4.4
Fighting       | |  3.2
Dodging        | |  2.6

Action                   || total
-------------------------++-------
Melee: Falchion          ||    64
       Tailslap          ||     4
 Fire: Hunting sling     ||    18
Throw: Stone             ||    37
Invok: Berserk           ||     1
 Stab: Sleeping          ||     1
  Eat: Chunk             ||     2
Armor: Skin              ||    22
Dodge: Dodged            ||    53
       Rpst.: Falchion   ||    11

Table legend:
 A = Non-vault XP
 B = Vault XP
 C = Vault XP percentage of total XP
 D = Non-vault monster count
 E = Vault monster count
 F = Vault count percentage of total count
                 A         B        C        D         E       F
            +---------+---------+-------+---------+---------+-------
      Total |      56 |       0 |   0.0 |      30 |       0 |   0.0
            +---------+---------+-------+---------+---------+-------
        D:1 |      37 |       0 |   0.0 |      21 |       0 |   0.0
        D:2 |      19 |       0 |   0.0 |       9 |       0 |   0.0
            +---------+---------+-------+---------+---------+-------
